 Dungeon Crawl Stone Soup version 0.30-a0-358-g0d69a1922f (webtiles) character file.

Game seed: 9253285930866852661

46 hikkokomori the Shield-Bearer (level 3, 0/36 HPs)
             Began as a Troll Fighter on Nov 9, 2022.
             Slain by a gnoll
             ... wielding a +0 spear of venom
              (6 damage)
             ... on level 3 of the Dungeon.
             The game lasted 00:01:22 (1388 turns).

hikkokomori the Shield-Bearer (Troll Fighter)       Turns: 1388, Time: 00:01:23

Health: 0/36       AC:  4    Str: 24    XL:     3   Next: 44%
Magic:  2/2        EV:  8    Int:  6    God:
Gold:   104        SH:  7    Dex:  9    Spells: 2/2 levels left

rFire   . . .      SeeInvis .      - Unarmed
rCold   . . .      Faith    .    b - +0 kite shield
rNeg    . . .      Spirit   .    a - +0 robe
rPois   .          Reflect  .    (helmet restricted)
rElec   .          Harm     .    (no cloak)
rCorr   .          Rampage  .    (gloves unavailable)
Will    .....                    (boots unavailable)
Stlth   +.........               h - amulet of regeneration
HPRegen 1.86/turn                (no ring)
MPRegen 0.08/turn                (no ring)

@: lethally poisoned (0 -> -11)
A: large, unfitting armour, claws 3, regeneration 1, shaggy fur 1, tough skin 1
a: no special abilities


You were on level 3 of the Dungeon.
You visited 1 branch of the dungeon, and saw 3 of its levels.

You collected 104 gold pieces.

Inventory:

Armour
 a - a +0 robe (worn)
 b - a +0 kite shield (worn)
Jewellery
 h - an amulet of regeneration (around neck)
Scrolls
 d - 3 scrolls of identify {unknown}
 f - 2 scrolls of teleportation {unknown}
 g - a scroll of enchant weapon {unknown}
 j - a scroll of fog {unknown}
 k - a scroll of fear {unknown}
 l - a scroll of acquirement {unknown}
Potions
 c - 2 potions of might
 e - a potion of heal wounds {unknown}
 i - a potion of degeneration {unknown}


   Skills:
 + Level 2.7 Fighting
 - Level 2.4 Dodging
 + Level 3.1 Shields
 * Level 3.1 Unarmed Combat


You had 2 spell levels left.
You didn't know any spells.
Your spell library contained the following spells:

 Spells                   Type           Power      Damage    Failure   Level
 Summon Small Mammal      Summ           0%         N/A       75%         1
 Call Canine Familiar     Summ           0%         N/A       98%         3
 Summon Guardian Golem    Hex/Summ       0%         N/A       98%         3


Dungeon Overview and Level Annotations

Branches:
Dungeon (3/15)

Altars:
Qazlal
Uskayaw


Innate Abilities, Weirdness & Mutations

You are too large for most types of armour.
You have claws for hands.
Your natural rate of healing is unusually fast.
You are covered in fur. (AC +1)
You have tough skin. (AC +1)


Message History

The endoplasm quivers.
A gnoll comes into view. It is wielding a +0 flail.
You see here 10 gold pieces.
You block the gnoll's attack.
The gnoll hits you with a +0 spear of venom.
You are poisoned.
You claw the gnoll!
The gnoll is severely wounded.
You feel very sick. You block the gnoll's attack.
A kobold comes into view. It is wielding a +0 dagger.
The kobold shouts!
You scratch the gnoll.
The gnoll is almost dead.
You feel sick.
The gnoll hits you with a +0 spear of venom!
You are more poisoned.
You barely miss the gnoll.
The gnoll is almost dead.
You feel very sick.
The endoplasm hits you but does no damage.
The gnoll hits you but does no damage.
You barely miss the gnoll.
The gnoll is almost dead.
You feel very sick.
The gnoll hits you with a +0 spear of venom!
You are lethally poisoned!
The endoplasm hits you. You block the gnoll's attack.
You are too injured to fight recklessly!
You are too injured to fight recklessly!
You are too injured to fight recklessly!
You are too injured to fight recklessly!
You are too injured to fight recklessly!
The endoplasm attacks as you move away!
The endoplasm hits you but does no damage.
The gnoll attacks as you move away! The gnoll barely misses you.
* * * LOW HITPOINT WARNING * * *
You feel extremely sick.
The gnoll hits you from afar with a +0 spear of venom.
You die...

#<...# #. ####.#
#. ###.# #.
#####...#
#.##.....###
#........#
######.##.#...#
........$.#.....#
........@.#.#.#.#
...K..gJ###.###.#
......gg# ... #
........#....
..........._.
........#
........#
........#
.........


You could see 3 gnolls, an endoplasm and a kobold.

Vanquished Creatures
  A dart slug (D:3)
  9 ball pythons
  3 bats
  5 endoplasms
  2 giant cockroaches
  7 goblins
  3 hobgoblins
  A quokka (D:1)
  A frilled lizard (D:1)
  2 kobolds
  6 rats
40 creatures vanquished.

Notes
Turn   | Place    | Note
-------+----------+-------------------------------------------
     0 | D:1      | hikkokomori the Troll Fighter began the quest for the Orb.
     0 | D:1      | Reached XP level 1. HP: 22/22 MP: 0/0
   103 | D:1      | Reached XP level 2. HP: 29/29 MP: 1/1
   744 | D:2      | Reached XP level 3. HP: 36/36 MP: 2/2
   827 | D:2      | Found a hide-covered altar of Uskayaw.
  1373 | D:3      | Found a stormy altar of Qazlal.
  1388 | D:3      | Slain by a gnoll

Illustrated notes

Levels and vault maps discovered:
D:1:      psy_arrival_terrarium, layout_basic
D:2:      layout_loops_cross, basic_altar, minmay_pentomino_u4
D:3:      layout_basic, grunt_qazlal_clouds, chequers_ecumenical_altar_simple

Skill      XL: |  1  2  3 |
---------------+----------+-----
Shields        | 3 |  3.1
Unarmed Combat | 3 |  3.1
Fighting       | |  2.7
Dodging        | |  2.4

Action                   || total
-------------------------++-------
Melee: Unarmed           ||   100
 Stab: Sleeping          ||     1
Armor: Robe              ||    31
Dodge: Dodged            ||    30
Block: Kite shield       ||    35

Table legend: (Time is in decaauts)
 A = Elapsed time spent in this place.
 B = Non-inter-level travel time spent in this place.
 C = Inter-level travel time spent in this place.
 D = Time resting spent in this place.
 E = Time spent auto-exploring this place.
 F = Levels seen in this place.
 G = Mean time per level.
                   A        B        C        D        E       F      G
               +--------+--------+--------+--------+--------+-----+--------+
         Total |   1396 |   1321 |     75 |      0 |   1091 |   3 |  465.3 |
       Dungeon |   1396 |   1321 |     75 |      0 |   1091 |   3 |  465.3 |
               +--------+--------+--------+--------+--------+-----+--------+

Top non-repeatable levels by time:
     D:1: 735 daAuts
     D:2: 637 daAuts
     D:3: 23 daAuts
